 Dungeon Crawl Stone Soup version 0.31.0-1-g2c135a008e (webtiles) character file.

Game seed: 2848490426709102906

57 qw the Shooter (level 4, 0/35 HPs)
             Began as a Djinni Hunter on Jan 23, 2024.
             Slain by a goblin
             ... wielding a +0 club
             ... led by Robin
              (5 damage)
             ... on level 2 of the Dungeon.
             The game lasted 00:00:04 (1481 turns).

qw the Shooter (Djinni Hunter)                      Turns: 1481, Time: 00:00:05

Health: 0/35       AC:  3    Str: 10    XL:     4   Next: 18%
Gold:   139        EV: 12    Int: 10    God:
                   SH:  0    Dex: 19

rFire   + + .        a - +0 shortbow
rCold   x . .        (shield currently unavailable)
rNeg    . . .        c - +0 leather armour
rPois   inf          (no helmet)
rElec   .            (no cloak)
rCorr   .            (no gloves)
SInv    .            (boots unavailable)
Will    .....        (no amulet)
Stlth   ++           (no ring)
HPRegen 0.25/turn    (no ring)
MPRegen 0.00/turn

%: infuse magic (-1 HP)
@: flying
A: sickness immunity, fire resistance 2, cold vulnerability 1, float, innate
caster, HP casting, extra vitality 1
a: no special abilities


You were on level 2 of the Dungeon.
You visited 1 branch of the dungeon, and saw 2 of its levels.

You collected 197 gold pieces.
You spent 58 gold pieces at shops.


Innate Abilities, Weirdness & Mutations

You are immune to sickness and miasma.
You are immune to poison.
Your flesh is very heat resistant. (rF++)
You are vulnerable to cold. (rC-)
You float through the air rather than walking.
You learn spells naturally, not from books.
Your magical power is your life essence.
You have superior vitality. (+4 MHP)


   Skills:
 - Level 3.0 Fighting
 - Level 4.0 Ranged Weapons
 + Level 2.4 Dodging
 - Level 0.7 Stealth


You knew the following spells:

 Your Spells              Type           Power      Damage    Failure   Level
a - Kiss of Death         Conj/Necr      0%         2d5       45%         1
Your spell library was empty.

Inventory:

Hand Weapons
 a - a +0 shortbow (weapon)
Armour
 c - a +0 leather armour (worn)
 e - a +0 ring mail
 g - a +0 cloak
Scrolls
 j - a scroll of teleportation {unknown}
Potions
 b - a potion of lignification {unknown}
 d - a potion of cancellation {unknown}
 f - a potion of magic {unknown}
 h - a potion of might {unknown}
 i - a potion of brilliance {unknown}

Dungeon Overview and Level Annotations

Branches:
Dungeon (2/15)

Altars:

Shops:
D:1 *

Annotations:
D:2 Robin


Message History

A goblin comes into view. It is wielding a +0 club. x2
The goblin barely misses you. x2
You shoot an arrow. The goblin shouts!
The arrow hits the goblin.
You kill the goblin!
The goblin misses you.
A hobgoblin comes into view.
You shoot an arrow. The arrow closely misses the goblin.
Robin throws the goblin at you! The goblin closely misses you.
A goblin comes into view. It is wielding a +0 dagger.
You shoot an arrow. The arrow hits the goblin.
You kill the goblin!
Robin barely misses you.
A hobgoblin comes into view.
You shoot an arrow. The arrow barely misses the hobgoblin.
The hobgoblin shouts!
Robin hits you from afar with a +0 spear.
The hobgoblin closely misses you.
You shoot an arrow. The arrow closely misses the hobgoblin.
Robin throws the goblin at you! The goblin hits you but does no damage.
The hobgoblin closely misses you. The hobgoblin barely misses you.
Robin roars a battlecry!
The goblins go into a battle-frenzy!
The goblin hits you but does no damage. The hobgoblin hits you.
The goblin closely misses you. The hobgoblin hits you.
You shoot an arrow. The arrow closely misses the goblin.
Robin hits you but does no damage. The goblin barely misses you.
The hobgoblin closely misses you. The goblin hits you with a +0 club.
The hobgoblin closely misses you.
You shoot an arrow. The arrow barely misses the goblin.
Robin throws the goblin at you! The goblin hits you with a +0 club.
The hobgoblin hits you but does no damage.
The goblin closely misses you. The goblin hits you with a +0 dagger.
The hobgoblin barely misses you.
You shoot an arrow. The arrow hits the goblin.
The goblin is moderately wounded.
Robin hits you from afar with a +0 spear.
The goblin hits you with a +0 club.
You die...

######### #.#.#.#####
........####'#.#.#####
....................<#
...%............######
#######.........######
#..............#
#.........####.#
#########.........# #.#
....ggg@g.........# #.#
......ggg.........# #.#
##8###g###8###8#..# #.#
######### ########..####..
........###.........##....
............####'###......
........###.# #.# #......
........# #.# #.# #......
........# #.# #.# #......


You could see Robin, 4 hobgoblins and 3 goblins.

Vanquished Creatures
  An adder (D:2)
  A ribbon worm (D:2)
  A dart slug (D:2)
  An endoplasm (D:1)
  9 giant cockroaches (D:2)
  4 goblins
  2 hobgoblins (D:2)
  2 jackals (D:2)
  A quokka (D:1)
  3 ball pythons (D:2)
  5 bats
  3 frilled lizards (D:2)
  3 kobolds
  5 rats
41 creatures vanquished.

Notes
Turn   | Place    | Note
-------+----------+-------------------------------------------
     0 | D:1      | qw the Djinni Hunter began the quest for the Orb.
     0 | D:1      | Reached XP level 1. HP: 18/18 MP: 0/0
     0 | D:1      | 0 ||| qw: Version: 0.3-a-132-g3d54051
     0 | D:1      | 0 ||| qw: Game counter: 604
     0 | D:1      | 0 ||| qw: Melee chars always use a shield: true
     0 | D:1      | 0 ||| qw: God list: Okawaru
     0 | D:1      | 0 ||| qw: Allow faded altars: false
     0 | D:1      | 0 ||| qw: Do Orc after clearing Dungeon:15 true
     0 | D:1      | 0 ||| qw: Do second Lair branch before Depths: true
     0 | D:1      | 0 ||| qw: Lair rune preference: random
     0 | D:1      | 0 ||| qw: Goals: Normal
     0 | D:1      | 0 ||| PLANNING D:1-11
    19 | D:1      | 19 ||| DROPPING scroll of butterflies.
   298 | D:1      | Found Yterhopt's Assorted Antiques.
   310 | D:1      | 310 ||| SHOPLISTING glowing arbalest (232 gold, have 82).
   310 | D:1      | 310 ||| BUYING sapphire potion (27 gold).
   310 | D:1      | Bought a sapphire potion for 27 gold pieces
   310 | D:1      | 310 ||| BUYING scroll labelled YBOECK LETH (31 gold).
   310 | D:1      | Bought a scroll labelled YBOECK LETH for 31 gold pieces
   527 | D:1      | Reached XP level 2. HP: 23/23 MP: 0/0
   704 | D:1      | 704 ||| READING scroll labelled BAGOAD WAEGES.
   746 | D:1      | 746 ||| READING scroll labelled WYUMIM EDGHANAI.
   747 | D:1      | 747 ||| READING scroll labelled YBOECK LETH.
   930 | D:2      | Reached skill level 4 in Ranged Weapons
   930 | D:2      | Reached XP level 3. HP: 21/28 MP: 0/0
   930 | D:2      | Learned a level 1 spell: Kiss of Death
   936 | D:2      | 936 ||| FLEEEEING.
  1334 | D:2      | Reached XP level 4. HP: 34/34 MP: 0/0
  1378 | D:2      | Reached skill level 3 in Fighting
  1469 | D:2      | Noticed Robin
  1481 | D:2      | HP: 5/35 [Robin/+0 spear (5)]
  1481 | D:2      | Slain by a goblin

Levels and vault maps discovered:
D:1:      scummos_arrival_star, layout_loops_ring, serial_shops,
          nicolae_shop_trees, chequers_jeans
D:2:      minmay_roachtagon, layout_basic, serial_corexii_hall,
          chequers_hall_statues_wall_a, chequers_hall_statues_wall_a,
          hex_intersection, chequers_serial_rivers_room_a,
          chequers_serial_rivers_micro_d, uniq_robin

Skill      XL: |  1  2  3  4 |
---------------+-------------+-----
Ranged Weapons | 4 |  4.0
Fighting       | 3 |  3.0
Dodging        | |  2.4
Stealth        | |  0.7

Action                     |  1- 3 |  4- 6 || total
---------------------------+-------+-------++-------
   Fire: Shortbow          |   108 |    27 ||   135
    Use: Scroll            |     3 |       ||     3
 Armour: Leather armour    |    35 |    20 ||    55
  Dodge: Dodged            |    36 |    21 ||    57

Table legend:
 A = Non-vault XP
 B = Vault XP
 C = Vault XP percentage of total XP
 D = Non-vault monster count
 E = Vault monster count
 F = Vault count percentage of total count
                 A         B        C        D         E       F
            +---------+---------+-------+---------+---------+-------
      Total |      60 |      22 |  26.8 |      30 |      11 |  26.8
            +---------+---------+-------+---------+---------+-------
        D:1 |      12 |       0 |   0.0 |       8 |       0 |   0.0
        D:2 |      48 |      22 |  31.4 |      22 |      11 |  33.3
            +---------+---------+-------+---------+---------+-------
